 Dungeon Crawl Stone Soup version 0.31-a0-538-gbc85326fa9 (webtiles) character file.

Game seed: 583464800337921489

464 Zonian the Ruffian (level 7, 0/46 HPs)
             Began as an Octopode Shapeshifter on Aug 13, 2023.
             Slain by a soul eater (16 damage)
             ... summoned by a kobold demonologist
             ... on level 6 of the Dungeon.
             The game lasted 00:06:38 (4058 turns).

Zonian the Ruffian (Octopode Shapeshifter)          Turns: 4058, Time: 00:06:39

Health: 0/46       AC:  1    Str: 16    XL:     7   Next: 8%
Magic:  7/7        EV: 13    Int: 10    God:
Gold:   316        SH:  4    Dex: 13    Spells: 6/6 levels left

rFire   + .          .
                       - Unarmed
rCold   . . .        g - +0 buckler
rNeg    . . .        (helmet currently unavailable)
rPois   .            (no amulet)
rElec   .            h - ring of flight
rCorr   .            k - ring of protection from fire
SInv    .            (no ring)
Will    .....        (no ring)
Stlth   +++          (no ring)
HPRegen 0.27/turn    (no ring)
MPRegen 0.10/turn    (no ring)
                     (no ring)

%: no passive effects
@: beast-form, flying
A: beast (slay +2), almost no armour, amphibious, 8 rings, camouflage 1,
gelatinous body 1, (nimble swimmer 1), tentacles
a: Begin Untransformation


You were on level 6 of the Dungeon.
You were a hulking beast.
You visited 1 branch of the dungeon, and saw 6 of its levels.

You collected 316 gold pieces.

Inventory:

Armour
 g - a +0 buckler (worn)
Jewellery
 h - a ring of flight (left tentacle)
 k - a ring of protection from fire (right tentacle)
Talismans
 b - a beast talisman (active)
 c - a flux talisman
 l - a maw talisman
Scrolls
 a - a scroll of revelation {unknown}
 d - a scroll of vulnerability {unknown}
 e - a scroll of noise {unknown}
 j - a scroll of poison {unknown}
 m - a scroll of teleportation
 o - 2 scrolls of fear {unknown}
 p - 3 scrolls of blinking
 s - a scroll of fog {unknown}
 t - a scroll of amnesia {unknown}
 u - a scroll of immolation {unknown}
Potions
 f - 2 potions of cancellation
 i - a potion of ambrosia
 n - a potion of heal wounds
 q - a potion of brilliance {unknown}
 r - a potion of curing {unknown}
 v - 2 potions of attraction {unknown}
 w - 2 potions of berserk rage {unknown}
 x - a potion of degeneration {unknown}


   Skills:
 + Level 3.5 Fighting
 - Level 2.6 Dodging
 + Level 4.0 Stealth
 + Level 4.5 Unarmed Combat
 + Level 4.2 Shapeshifting


You had 6 spell levels left.
You didn't know any spells.
Your spell library contained the following spells:

 Spells                   Type           Power      Damage    Failure   Level
 Freeze                   Ice            0%         1d3       45%         1
 Magic Dart               Conj           0%         1d3       45%         1
 Sandblast                Erth           0%         2d4       45%         1
 Blink                    Tloc           0%         N/A       58%         2
 Call Imp                 Summ           0%         N/A       58%         2
 Ensorcelled Hibernation  Hex/Ice        0%         N/A       58%         2
 Call Canine Familiar     Summ           0%         N/A       83%         3
 Frozen Ramparts          Ice            0%         1d1       83%         3
 Hailstorm                Conj/Ice       0%         3d3       83%         3
 Mephitic Cloud           Conj/Pois/Air  0%         N/A       83%         3
 Portal Projectile        Hex/Tloc       0%         N/A       83%         3
 Tukima's Dance           Hex            0%         N/A       83%         3
 Anguish                  Hex/Necr       0%         N/A       99%         4
 Iskenderun's Mystic Bla  Conj/Tloc      0%         2d3       99%         4
 Leda's Liquefaction      Hex/Erth       0%         N/A       99%         4
 Manifold Assault         Tloc           0%         N/A       99%         4
 Death Channel            Necr           0%         N/A       100%        6
 Lehudib's Crystal Spear  Conj/Erth      0%         10d2      100%        8


Dungeon Overview and Level Annotations

Branches:
Dungeon (6/15)
 Temple: D:4-7

Altars:
Dithmenos
Hepliaklqana
Xom

Shops:
D:3 (

Annotations:
D:5 Blork the orc, Grinder


Innate Abilities, Weirdness & Mutations

You are a hulking beast.
Your limbs bulge with bestial killing power. (Slay +2)
You cannot wear most types of armour.
You are amphibious.
You can wear up to eight rings at the same time.
Your skin changes colour to match your surroundings (Stealth+).
Your rubbery body absorbs attacks. (AC +1, EV +1)
((You are camouflaged when in or above water. (Stealth+)))
You have tentacles for arms and can constrict up to eight enemies at once.


Message History

Unknown command.
Things that are here:
a +3 hand axe; a +0 robe The kobold demonologist mumbles some strange words.
The kobold demonologist casts a cantrip, but nothing happens.
A wight comes into view. It is wielding a +0 flail.
The kobold demonologist casts a spell.
You tentacle-slap the kobold demonologist.
You grab the kobold demonologist.
The kobold demonologist is lightly wounded.
You constrict the kobold demonologist.
The kobold demonologist hits you with a +0 dagger.
The soul eater hits you!!
Ouch! That really hurt!
You tentacle-slap the kobold demonologist.
The kobold demonologist is lightly wounded.
You constrict the kobold demonologist.
The kobold demonologist gestures wildly while chanting.
You block the soul eater's attack.
Unknown command.
You bludgeon the kobold demonologist!
Your squeeze misses the kobold demonologist.
The kobold demonologist is heavily wounded.
You constrict the kobold demonologist.
The kobold demonologist begins to cast a cantrip, but forgets the words!
The crimson imp blinks!
The soul eater completely misses you.
Unknown command.
You tentacle-slap the kobold demonologist.
You squeeze the kobold demonologist.
The kobold demonologist is severely wounded.
You constrict the kobold demonologist, but do no damage.
You block the kobold demonologist's attack.
The soul eater draws from the surrounding life force!
Unknown command.
You bludgeon the kobold demonologist!
The kobold demonologist is almost dead.
You constrict the kobold demonologist.
The kobold demonologist barely misses you.
The soul eater hits you!
You die... ##.......# ........ ##..:...# ....... ..... §zz

#3#
#K#
#h#
#3###
#...#
###.#
#)#
#.#
#.#
#.#
#.#


You could see a soul eater (summoned), a kobold demonologist, a smoke demon
(summoned) and 2 wights.

Vanquished Creatures
  Edmund (D:4)
  2 scorpions (D:4)
  A wight (D:6)
  A jelly (D:5)
  An iguana (D:4)
  An adder (D:3)
  3 gnolls (D:3)
  2 dart slugs
  5 ball pythons
  8 endoplasms
  5 giant cockroaches
  5 goblins
  6 hobgoblins
  8 jackals
  4 quokkas
  6 bats
  6 frilled lizards
  6 kobolds
  9 rats
80 creatures vanquished.

Notes
Turn   | Place    | Note
-------+----------+-------------------------------------------
     0 | D:1      | Zonian the Octopode Shapeshifter began the quest for the
                  | Orb.
     0 | D:1      | Reached XP level 1. HP: 13/13 MP: 1/1
    55 | D:1      | Reached XP level 2. HP: 8/18 MP: 2/2
   481 | D:1      | Reached XP level 3. HP: 23/23 MP: 3/3
  1354 | D:2      | Reached XP level 4. HP: 29/29 MP: 4/4
  1747 | D:3      | Reached skill level 1 in Stealth
  1880 | D:3      | Reached XP level 5. HP: 17/35 MP: 5/5
  2264 | D:3      | Found Ferogom's Weapon Emporium.
  2582 | D:3      | Found a shimmering altar of Xom.
  2764 | D:4      | Identified the +0 ring mail of the Ditch-Digger {rPois
                  | Str+4 Stlth-}
  3130 | D:4      | Noticed Edmund
  3145 | D:4      | Killed Edmund
  3146 | D:4      | Reached XP level 6. HP: 42/42 MP: 6/6
  3403 | D:4      | Found a shadowy altar of Dithmenos.
  3530 | D:4      | Found a hazy altar of Hepliaklqana.
  3772 | D:5      | Entered Level 5 of the Dungeon
  3934 | D:5      | Got the Handbook of Leaden Bodies
  3938 | D:5      | Noticed Blork the orc
  3946 | D:5      | Noticed Grinder
  3946 | D:5      | Noticed a troll
  3976 | D:6      | Noticed a kobold demonologist
  3995 | D:6      | Reached XP level 7. HP: 33/46 MP: 7/7
  4049 | D:6      | Noticed a smoke demon
  4054 | D:6      | Noticed a soul eater
  4058 | D:6      | Slain by a soul eater

Illustrated notes

Levels and vault maps discovered:
D:1:      spicycebolla_green_bress_n_ham, layout_basic, serial_forest,
          infiniplex_forest_lined_ring, infiniplex_forest_straight_2,
          infiniplex_forest_zigzag_2, infiniplex_forest_pool,
          infiniplex_forest_clump_long, infiniplex_forest_lined_4_way,
          infiniplex_forest_lined_room_2, infiniplex_forest_straight_4,
          infiniplex_forest_fountain, infiniplex_forest_corner_2,
          minmay_surrounded
D:2:      layout_rooms
D:3:      layout_basic, mainiacjoe_overflow_surrounded_room, serial_shops,
          nicolae_diamond_shop, st_stairs_1, chequers_serial_rivers_micro_e,
          moated_statue, minmay_misc_feat_plants,
          chequers_serial_rivers_micro_e, serial_bayou_pond_c
D:4:      layout_basic, grunt_dithmenos_smoke, general_overflow_altar,
          uniq_edmund
D:5:      layout_cave_pools, nicolae_overflow_crystal_walls,
          mainiacjoe_overflow_concentric_impassable, uniq_grinder,
          uniq_blork_the_orc
D:6:      layout_basic, trog_book, minmay_temple_entry_wispy,
          cheibrodos_sewer_entry_sluice, serial_shops, kennysheep_mini,
          guppyfry_early_elven_hall

Skill      XL: |  1  2  3  4  5  6 |
---------------+-------------------+-----
Fighting       | 2 3 |  3.5
Stealth        | 1 3 4 |  4.0
Unarmed Combat | 4 |  4.5
Shapeshifting  | 4 |  4.2
Dodging        | |  2.6

Action                     |  1- 3 |  4- 6 |  7- 9 || total
---------------------------+-------+-------+-------++-------
  Melee: Unarmed           |    86 |    74 |     5 ||   165
         Constrict         |    21 |    13 |     1 ||    35
         Tentacles         |    13 |    12 |     1 ||    26
         Punch             |     2 |     2 |       ||     4
    Use: Scroll            |       |     5 |       ||     5
         Potion            |       |     1 |       ||     1
   Stab: Sleeping          |     5 |     6 |       ||    11
 Armour: Skin              |     6 |     7 |       ||    13
  Dodge: Dodged            |    43 |    37 |     2 ||    82
  Block: Buckler           |    12 |     6 |     2 ||    20

Table legend: (Time is in decaauts)
 A = Elapsed time spent in this place.
 B = Non-inter-level travel time spent in this place.
 C = Inter-level travel time spent in this place.
 D = Time resting spent in this place.
 E = Time spent auto-exploring this place.
 F = Levels seen in this place.
 G = Mean time per level.
                   A        B        C        D        E       F      G
               +--------+--------+--------+--------+--------+-----+--------+
         Total |   4051 |   3969 |     82 |    814 |   2477 |   6 |  675.2 |
       Dungeon |   4051 |   3969 |     82 |    814 |   2477 |   6 |  675.2 |
               +--------+--------+--------+--------+--------+-----+--------+

Top non-repeatable levels by time:
     D:1: 1170 daAuts
     D:4: 1085 daAuts
     D:3: 1076 daAuts
     D:2: 434 daAuts
     D:5: 191 daAuts
     D:6: 93 daAuts
